 Dungeon Crawl Stone Soup version 0.30-a0-469-g84de5afbc5 (webtiles) character file.

Game seed: 14388352654676627449

24055 Armakuni the Cruncher (level 13, -14/91 HPs)
             Began as a Human Fighter on Dec 18, 2022.
             Was a Believer of Elyvilon.
             Killed from afar by an oklob plant (22 damage)
             ... with a splash of acid
             ... on level 11 of the Dungeon on Dec 19, 2022.
             The game lasted 00:51:37 (16103 turns).

Armakuni the Cruncher (Human Fighter)              Turns: 16103, Time: 00:51:37

Health: -14/91     AC:  9    Str: 21    XL:     13   Next: 39%
Magic:  20/20      EV: 11    Int: 17    God:    Elyvilon [**....]
Gold:   314        SH:  5    Dex: 13    Spells: 9/12 levels left

rFire   + + +      SeeInvis .    b - +8 arc blade {discharge, rElec}
rCold   . . .      Faith    .    i - +0 buckler
rNeg    . . .      Spirit   .    M - +0 fire dragon scales
rPois   +          Reflect  .    m - +2 helmet
rElec   +          Harm     .    d - scarf {rC+ rF+}
rCorr   .          Rampage  ∞    (no gloves)
Will    .....                    L - +3 pair of seven-league boots {Rampage+∞}
Stlth   ..........               (no amulet)
HPRegen 0.35/turn                I - ring of Temptation {Str+2 Int+6}
MPRegen 0.17/turn                P - ring of poison resistance

@: corroded
A: no striking features
a: Renounce Religion, Purification, Heal Other


You were on level 11 of the Dungeon.
You worshipped Elyvilon.
Elyvilon was pleased with you.
You visited 2 branches of the dungeon, and saw 12 of its levels.
You also visited: Bailey.

You collected 742 gold pieces.
You spent 428 gold pieces at shops.

Inventory:

Hand Weapons
 b - the +8 arc blade (weapon) {discharge, rElec}
   (You took it off a centaur warrior on level 9 of the Dungeon)

   It occasionally unleashes powerful arcs of lightning upon striking a foe.
   These may arc to other adjacent creatures (including the wielder, but dealing
   reduced damage to them) before grounding out.
   rElec:     It insulates you from electricity.
 c - the +8 mace of Bidafuho {flame, Str+3 Dex+2 Stlth+}
   (You took it off a centaur warrior on level 10 of the Dungeon)

   It burns those it strikes, dealing additional fire damage.
   Str:       It affects your strength (+3).
   Dex:       It affects your dexterity (+2).
   Stlth:     It makes you more stealthy.
Missiles
 e - 38 poisoned darts
 z - 4 curare-tipped darts (quivered)
 G - 4 throwing nets
Armour
 d - a scarf of resistance (worn)
 i - a +0 buckler (worn)
 m - a +2 helmet (worn)
 L - the +3 pair of seven-league boots (worn) {Rampage+∞}
   (You found it in a bailey)

   Its wearer moves as far as possible in that direction when moving towards
   enemies.
 M - +0 fire dragon scales (worn)
Magical Staves
 a - a staff of cold
 v - a staff of fire
Jewellery
 F - a ring of fire
 I - the ring of Temptation (left hand) {Str+2 Int+6}
   (You took it off a goblin on level 2 of the Dungeon)

   [ring of intelligence]

   Str:       It affects your strength (+2).
   Int:       It affects your intelligence (+6).
 J - a ring of ice
 P - a ring of poison resistance (right hand)
Wands
 k - a wand of digging (4)
 r - a wand of roots (4)
Scrolls
 g - a scroll of silence
 h - a scroll of fog
 j - a scroll of enchant weapon
 q - 3 scrolls of teleportation
 w - a scroll of poison
 x - a scroll of vulnerability
 C - a scroll of amnesia
 X - a scroll of brand weapon
Potions
 f - a potion of lignification
 l - a potion of heal wounds
 n - a potion of curing
 p - a potion of flight
 y - 4 potions of brilliance
 B - 3 potions of mutation
 D - 2 potions of haste
 K - a potion of cancellation
Miscellaneous
 s - a box of beasts (inert)
 t - a tin of tremorstones (inert)


   Skills:
 - Level 5.0 Fighting
 - Level 2.0(7.8) Maces & Flails
 - Level 11.9(12.0) Staves
 + Level 6.5 Armour
 - Level 5.0 Dodging
 - Level 4.0 Shields
 - Level 9.9 Ice Magic
 - Level 10.0 Invocations
 - Level 10.0 Evocations


You had 9 spell levels left.
You knew the following spells:

 Your Spells              Type           Power      Damage    Failure   Level
o - Ozocubu's Armour      Ice            33%        N/A       4%          3

Your spell library contained the following spells:

 Spells                   Type           Power      Damage    Failure   Level
 Beastly Appendage        Tmut           0%         N/A       67%         1
 Shock                    Conj/Air       0%         1d3       67%         1
 Summon Small Mammal      Summ           0%         N/A       67%         1
 Sublimation of Blood     Necr           0%         N/A       80%         2
 Wereblood                Tmut           0%         N/A       80%         2
 Call Canine Familiar     Summ           0%         N/A       95%         3
 Gell's Gravitas          Tloc           0%         N/A       95%         3
 Lesser Beckoning         Tloc           0%         N/A       95%         3
 Spider Form              Tmut/Pois      0%         N/A       95%         3
 Summon Guardian Golem    Hex/Summ       0%         N/A       95%         3
 Swiftness                Air            0%         N/A       95%         3
 Teleport Other           Tloc           0%         N/A       95%         3
 Airstrike                Air            0%         2d(0-16)  100%        4
 Petrify                  Tmut/Erth      0%         N/A       100%        4
 Alistair's Intoxication  Tmut/Pois      0%         N/A       100%        5
 Borgnjor's Vile Clutch   Necr/Erth      0%         N/A       100%        5
 Irradiate                Conj/Tmut      0%         3d11      100%        5
 Eringya's Noxious Bog    Tmut/Pois      0%         N/A       100%        6
 Ozocubu's Refrigeration  Ice            16%        4d11      100%        7


Dungeon Overview and Level Annotations

Branches:
Dungeon (11/15)            Temple (1/1) D:7            Lair (0/5) D:11
 Bailey (visited)
    Orc: D:9-12

Altars:
Ashenzari
Cheibriados
Dithmenos
Elyvilon
Fedhas
Gozag
Hepliaklqana
Kikubaaqudgha
Makhleb
Nemelex Xobeh
Okawaru
Qazlal
Ru
Sif Muna
Trog
Uskayaw
Vehumet
Wu Jian
Xom
Yredelemnul
Zin
The Shining One

Shops:
D:9 ?*?!(

Annotations:
D:8 1 runed translucent door, exclusion: door, Notanamesir's ghost, novice GrMo
D:11 exclusion: 2 oklob plants


Message History

You hit the oklob plant but do no damage.
The oklob plant is lightly damaged.
The oklob plant spits acid at you. The splash of acid hits you!!
The acid corrodes you!
You hit the oklob plant but do no damage.
The arc blade crackles.
The oklob plant is struck by an arc of lightning!
The oklob plant is moderately damaged.
The oklob plant is struck by an arc of lightning!
The oklob plant is moderately damaged.
The oklob plant is struck by an arc of lightning!
The oklob plant is heavily damaged.
The oklob plant is struck by an arc of lightning!
The oklob plant is heavily damaged.
The oklob plant is struck by an arc of lightning!
The oklob plant is severely damaged.
The oklob plant is struck by an arc of lightning!
The oklob plant is severely damaged.
The oklob plant is struck by an arc of lightning!
The oklob plant is almost destroyed.
The lightning grounds out.
The oklob plant is almost destroyed.
You hit the oklob plant.
The oklob plant is almost destroyed.
The oklob plant spits acid at you. The splash of acid hits you!
The oklob plant spits acid at you. The splash of acid hits you!!
* * * LOW HITPOINT WARNING * * *
The oklob plant spits acid at you. The splash of acid hits you!!
Elyvilon protects you from harm! The acid corrodes you!
The oklob plant spits acid at you. The splash of acid hits you!
* * * LOW HITPOINT WARNING * * *
The acid corrodes you! The oklob plant spits acid at you.
The splash of acid hits you!!
You die...

#......######## ##....^#
#..........[..# ####......#
######.###...#...≈...#.....# ###
#.# ....#...#.....### ..# #.#
#....##...##......# ..#### #.#
#..#..P......#....# ...>(## #.#
#..#≈.P.>...≈#....### .##...###.#
#..#..$......#.......
.###....#.###...@##...##......###
'###..............#...#..........
...####...####..#...≈...#.....###
...# ###.####...#######......#
...# #.....##.##.##......###
.########...........##......#
.........####.########......#####
########.# #..# #........... #.#
##.# #####......#####


You could see 2 oklob plants.

Vanquished Creatures
  2 centaur warriors
  Erica (D:8)
  4 two-headed ogres
  A tengu warrior (D:10)
  A boulder beetle (D:10)
  A skeletal warrior (D:10)
  Pikel (D:3)
  An oklob plant (D:11)
  3 ugly things
  A wolf spider (D:10)
  2 manticores
  2 cyclopes
  Maggie (D:8)
  Psyche (D:8)
  A komodo dragon (D:11)
  2 trolls (D:10)
  Prince Ribbit (D:4)
  A hornet (D:10)
  2 slime creatures (D:10)
  3 shadows
  Sigmund (D:4)
  2 wyverns
  14 yaks
  2 wraiths (D:10)
  A steam dragon (D:6)
  Grum (D:9)
  A swamp worm (shapeshifter) (D:10)
  2 acid dragons
  14 orc warriors
  3 sky beasts
  A black bear (D:7)
  4 wolves (D:9)
  8 ogres
  4 centaurs
  2 phantoms
  3 kobold brigands
  2 bullfrogs
  Blork the orc (D:4)
  4 necrophages
  A gnoll sergeant (D:8)
  2 scorpions (D:7)
  5 wights (D:8)
  15 killer bees
  4 howler monkeys
  A lava snake (D:9)
  5 jellies (D:5)
  10 orc priests
  6 gnoll boudas
  5 hounds
  5 iguanas
  Ijyb (D:3)
  9 orc wizards
  19 gnolls
  6 adders
  8 river rats (D:5)
  6 shadow imps
  5 white imps
  8 ufetubi
  2 worms
  2 dart slugs
  66 orcs
  7 ball pythons
  2 bats
  13 endoplasms
  2 giant cockroaches
  9 goblins
  3 hobgoblins
  2 jackals (D:3)
  14 kobolds
  12 quokkas
  4 frilled lizards
  21 rats
382 creatures vanquished.

Vanquished Creatures (collateral kills)
  A jelly (D:5)
1 creature vanquished.

Vanquished Creatures (others)
  3 killer bees
  A hound (D:5)
  5 demonic plants (D:7)
  3 fungi (D:8)
  24 plants
36 creatures vanquished.

Grand Total: 419 creatures vanquished

Notes
Turn   | Place    | Note
-------+----------+-------------------------------------------
     0 | D:1      | Armakuni the Human Fighter began the quest for the Orb.
     0 | D:1      | Reached XP level 1. HP: 18/18 MP: 1/1
   139 | D:1      | Reached XP level 2. HP: 24/24 MP: 2/2
   873 | D:2      | Reached XP level 3. HP: 23/30 MP: 3/3
   911 | D:2      | Identified the ring of Temptation {Str+2 Int+6}
  1195 | D:2      | Found a faded altar of an unknown god.
  1647 | D:3      | Reached XP level 4. HP: 38/38 MP: 4/4
  1702 | D:3      | Found a sacrificial altar of Ru.
  1835 | D:3      | Noticed a phantom
  1850 | D:3      | Killed a phantom
  1851 | D:3      | Reached skill level 5 in Fighting
  1851 | D:3      | Reached XP level 5. HP: 29/44 MP: 5/5
  1930 | D:3      | Found a sparkling altar of Nemelex Xobeh.
  2471 | D:4      | Noticed Blork the orc
  2488 | D:3      | Reached XP level 6. HP: 48/51 MP: 6/6
  2515 | D:4      | Noticed Ijyb
  2524 | D:4      | Noticed Sigmund
  2531 | D:3      | Killed Ijyb
  2830 | D:3      | Reached skill level 5 in Dodging
  3057 | D:4      | Noticed Pikel
  3095 | D:3      | Killed Pikel
  3096 | D:3      | Reached skill level 5 in Armour
  3096 | D:3      | Reached skill level 2 in Staves
  3096 | D:3      | Reached XP level 7. HP: 37/56 MP: 7/7
  3096 | D:3      | Reached XP level 8. HP: 41/62 MP: 8/8
  3407 | D:4      | Killed Sigmund
  3408 | D:4      | Reached skill level 4 in Staves
  3495 | D:4      | Killed Blork the orc
  3590 | D:5      | Entered Level 5 of the Dungeon
  3655 | D:5      | Reached skill level 1 in Ice Magic
  4051 | D:5      | Learned a level 3 spell: Ozocubu's Armour
  4089 | D:5      | Reached XP level 9. HP: 41/68 MP: 9/9
  4423 | D:5      | Reached skill level 5 in Ice Magic
  4458 | D:5      | Reached skill level 1 in Evocations
  4750 | D:5      | Noticed Prince Ribbit
  4775 | D:5      | Reached XP level 10. HP: 35/74 MP: 10/10
  4913 | D:4      | Killed Prince Ribbit
  4914 | D:4      | Reached skill level 5 in Staves
  5693 | D:6      | Reached skill level 6 in Staves
  6262 | D:7      | Found a staircase to the Ecumenical Temple.
  6283 | Temple   | Entered the Ecumenical Temple
  6678 | Temple   | Became a worshipper of Elyvilon the Healer
  7127 | D:7      | Reached skill level 7 in Staves
  7608 | D:7      | Found an iron altar of Okawaru.
  7790 | D:8      | Noticed Psyche
  7820 | D:7      | Reached XP level 11. HP: 79/79 MP: 11/11
  8191 | D:8      | Killed Psyche
  8448 | D:8      | Noticed Notanamesir's ghost (novice GrMo)
  8452 | D:8      | Found a runed translucent door.
  8626 | D:8      | Reached skill level 8 in Staves
  8707 | D:8      | Reached * piety under Elyvilon
  8797 | D:8      | Noticed Erica
  8801 | D:8      | Killed Erica
  8802 | D:8      | Reached skill level 10 in Evocations
  9083 | D:8      | Noticed Maggie
  9104 | D:8      | Killed Maggie
  9316 | D:8      | Reached skill level 9 in Staves
  9772 | D:8      | Reached skill level 1 in Invocations
 10061 | D:9      | Noticed Grum
 10061 | D:9      | Found Juwaes's Magic Scroll Emporium.
 10069 | D:9      | Killed Grum
 10145 | D:9      | Found Topheoto's General Store.
 10160 | D:9      | Bought a potion of heal wounds for 70 gold pieces
 10160 | D:9      | Bought a scroll of identify for 28 gold pieces
 10260 | D:9      | Found Vala's Magic Scroll Shop.
 10261 | D:9      | Reached ** piety under Elyvilon
 10268 | D:9      | Bought a scroll of teleportation for 48 gold pieces
 10268 | D:9      | Bought a scroll of teleportation for 48 gold pieces
 10268 | D:9      | Bought a scroll of identify for 32 gold pieces
 10269 | D:9      | Bought a scroll of teleportation for 48 gold pieces
 10308 | D:9      | Paralysed by a hornet for 3 turns
 10371 | D:9      | Noticed a death knight
 10547 | D:9      | Found Buxzeiti's Antique Weapon Emporium.
 10795 | D:9      | Reached skill level 10 in Staves
 10988 | D:9      | Found Nutzeafu's Distillery.
 11000 | D:9      | Bought a potion of curing for 42 gold pieces
 11000 | D:9      | Bought a potion of heal wounds for 70 gold pieces
 11000 | D:9      | Bought a potion of attraction for 42 gold pieces
 11108 | D:9      | Reached XP level 12. HP: 75/86 MP: 14/14
 11412 | D:10     | Entered Level 10 of the Dungeon
 11589 | D:10     | Found a flagged portal.
 11606 | Bailey   | Entered a bailey
 11696 | Bailey   | Upgraded the game from 0.30-a0-465-g8901f6c8b5 to
                  | 0.30-a0-469-g84de5afbc5
 11950 | Bailey   | Found the +3 pair of seven-league boots {Rampage+∞}
 12360 | D:10     | Found a runed translucent door.
 12360 | D:10     | Found a runed translucent door.
 12360 | D:10     | Noticed a tengu warrior
 12360 | D:10     | Noticed a two-headed ogre
 12361 | D:10     | Found a runed translucent door.
 12366 | D:10     | Found a runed translucent door.
 12435 | D:10     | Identified the +8 mace of Bidafuho {flame, Str+3 Dex+2
                  | Stlth+}
 12435 | D:10     | Noticed a centaur warrior
 12439 | D:10     | Reached skill level 5 in Invocations
 12439 | D:10     | HP: 4/86 [centaur warrior/arrow (7)]
 12439 | D:10     | Noticed a boulder beetle
 12441 | D:10     | Noticed a centaur warrior
 12445 | D:10     | HP: 3/86 [centaur warrior/the +8 mace of Bidafuho {flame,
                  | Str+3 Dex+2 Stlth+} (16)]
 12721 | D:10     | Found a burning altar of Makhleb.
 12727 | D:10     | Found a glowing silver altar of Zin.
 12735 | D:10     | Found an opulent altar of Gozag.
 12935 | D:10     | Killed a centaur warrior
 12954 | D:10     | Noticed a skeletal warrior
 13097 | D:9      | HP: 3/86 [centaur warrior/static electricity (4)]
 13538 | D:9      | Killed a centaur warrior
 13821 | D:10     | Killed a boulder beetle
 13822 | D:10     | Reached skill level 11 in Staves
 14056 | D:10     | Killed a tengu warrior
 14231 | D:10     | Killed a two-headed ogre
 14344 | D:10     | Killed a skeletal warrior
 14345 | D:10     | Reached XP level 13. HP: 68/91 MP: 19/19
 15165 | D:11     | Found a staircase to the Lair.
 15414 | D:11     | Reached skill level 10 in Invocations
 15680 | D:11     | Elyvilon protects you from harm!
 16102 | D:11     | Elyvilon protects you from harm!
 16103 | D:11     | Killed from afar by an oklob plant

Illustrated notes

Levels and vault maps discovered:
D:1:      roderic_crop_circles_arrival_large, layout_basic
D:2:      layout_loops_ring, ebering_ecumenical_altar_webs,
          minmay_pentomino_pile
D:3:      layout_basic, mainiacjoe_overflow_small_starburst,
          nicolae_ru_path_of_blood
D:4:      layout_cave_pools, uniq_ijyb, uniq_blork_the_orc, uniq_sigmund,
          uniq_pikel
D:5:      lemuel_ratsnest, layout_loops_ring, uniq_prince_ribbit1
D:6:      layout_rooms
D:7:      layout_loops_ring, lemuel_crystal_altar, minmay_temple_entry_slanted,
          serial_demonic, serial_demonic_e, serial_demonic_e, serial_demonic_b,
          serial_demonic_a, serial_demonic_c, serial_demonic_c
D:8:      kennysheep_seaside_town, layout_basic, hellmonk_ghost_happy_afterlife,
          grunt_ministairs_14, uniq_maggie, uniq_erica, uniq_psyche
D:9:      layout_cave_pools, serial_shops, nicolae_stop_n_shop_2, shop, shop,
          nicolae_stop_n_shop_1, nicolae_inconvenience_store, special_room
          [special_room_orc], wad_dig_loot, uniq_grum
D:10:     minmay_the_grid_triangle_9x9_rhombus_thin_mashed
          [minmay_the_grid_triangle_9x9_subtriangle,
          minmay_the_grid_triangle_9x9_prize_center,
          minmay_the_grid_triangle_9x9_windchime,
          minmay_the_grid_triangle_9x9_fully_insulated_deathbox], layout_rooms,
          minmay_overflow_temple_star_quad, enter_bailey_4,
          nicolae_concentric_dashed_squares_mild
D:11:     layout_basic, dpeg_oklobed_lair
Temple:   nicolae_temple_x_marks_the_god

Skill      XL: |  1  2  3  4  5  6  7  8  9 10 11 12 13 |
---------------+----------------------------------------+-----
Fighting       | 4 5 |  5.0
Dodging        | 2 3 5 |  5.0
Armour         | 5 6 |  6.5
Shields        | 4 |  4.0
Staves         | 2 4 7 10 11 | 11.9
Ice Magic      | 3 9 |  9.9
Evocations     | 8 9 10 | 10.0
Invocations    | 3 8 10 | 10.0
Maces & Flails | |  2.0

Action                   |  1- 3 |  4- 6 |  7- 9 | 10-12 | 13-15 || total
-------------------------+-------+-------+-------+-------+-------++-------
Melee: Flail             |    79 |    54 |   249 |       |       ||   382
       Morningstar       |       |    93 |       |       |       ||    93
       Whip              |       |       |    11 |    59 |       ||    70
       Staff             |       |       |    12 |   750 |    86 ||   848
       Unarmed           |       |       |       |     2 |       ||     2
       Rapier            |       |       |       |       |    24 ||    24
Throw: Dart              |       |       |     4 |    59 |     4 ||    67
       Throwing net      |       |       |       |     1 |       ||     1
 Cast: Ozocubu's Armour  |       |       |       |     2 |       ||     2
Invok: Heal Other        |       |       |       |     1 |       ||     1
Evoke: Wand              |       |       |     6 |    14 |       ||    20
       Tin of tremorston |       |       |       |     2 |     1 ||     3
       Box of beasts     |       |       |       |     1 |       ||     1
  Use: Scroll            |     1 |     7 |     2 |    22 |     1 ||    33
       Potion            |       |     3 |     2 |     7 |     1 ||    13
 Stab: Invisible         |       |       |       |     4 |       ||     4
       Distracted        |       |       |       |     1 |       ||     1
Armor: Scale mail        |    14 |       |    65 |   150 |       ||   229
       Ring mail         |    11 |    55 |    20 |       |       ||    86
       Skin              |       |    12 |       |     1 |       ||    13
       Steam dragon scal |       |       |       |    74 |       ||    74
       Fire dragon scale |       |       |       |    61 |    17 ||    78
Dodge: Dodged            |    33 |   122 |   129 |   337 |    31 ||   652
Block: Buckler           |    19 |    28 |    66 |   155 |     9 ||   277

Table legend: (Time is in decaauts)
 A = Elapsed time spent in this place.
 B = Non-inter-level travel time spent in this place.
 C = Inter-level travel time spent in this place.
 D = Time resting spent in this place.
 E = Time spent auto-exploring this place.
 F = Levels seen in this place.
 G = Mean time per level.
                   A        B        C        D        E       F      G
               +--------+--------+--------+--------+--------+-----+--------+
         Total |  16111 |  15613 |    498 |   4381 |   6966 |  13 | 1239.3 |
       Dungeon |  15174 |  14676 |    498 |   4104 |   6546 |  11 | 1379.5 |
        Temple |    478 |    478 |      0 |    194 |    247 |   1 |  478.0 |
        Bailey |    458 |    458 |      0 |     82 |    173 |   1 |  458.0 |
               +--------+--------+--------+--------+--------+-----+--------+

Top non-repeatable levels by time:
     D:8: 2350 daAuts
     D:9: 1831 daAuts
     D:5: 1765 daAuts
    D:11: 1649 daAuts
    D:10: 1568 daAuts
     D:3: 1419 daAuts
     D:7: 1397 daAuts
     D:4: 980 daAuts
     D:2: 822 daAuts
     D:1: 773 daAuts
     D:6: 615 daAuts
  Temple: 478 daAuts
  Bailey: 458 daAuts
